 Dungeon Crawl Stone Soup version 0.28-a0-957-g42eb19b844 (webtiles) character file.

Game seed: 9540398634383260068

11187 browni3141 the Protected (level 11, -2/89 HPs)
             Began as a Demigod Fighter on Dec 1, 2021.
             Killed from afar by an electric eel (5 damage)
             ... with a bolt of electricity
             ... on level 11 of the Dungeon.
             The game lasted 00:25:21 (15925 turns).

browni3141 the Protected (Demigod Fighter)         Turns: 15925, Time: 00:25:21

Health: -2/89      AC: 25    Str: 37    XL:     11   Next: 22%
Magic:  4/4        EV:  8    Int: 10    God:
Gold:   283        SH:  0    Dex: 11    Spells: 10/10 levels left

rFire   . . .      SeeInvis .   W - +8 great sword "Zuenwuwk" {antimagic, rN+}
rCold   + . .      Faith    .   (shield currently unavailable)
rNeg    + + .      Spirit   .   M - +0 crystal plate armour
rPois   .          Reflect  .   (no helmet)
rElec   .          Harm     .   a - +2 cloak "Onasugee" {rC+ Dex+2}
rCorr   .          Rampage  +   U - +0 pair of gloves of Inevitability {Rampage Str+8 Dex-4}
Will    +....                   (no boots)
Stlth   ..........              (no amulet)
HPRegen 0.24/turn               m - ring of positive energy
MPRegen 0.09/turn               (no ring)

@: no status effects
A: high mp 1, forlorn
a: no special abilities


You were on level 11 of the Dungeon.
You visited 2 branches of the dungeon, and saw 12 of its levels.

You collected 1028 gold pieces.
You spent 745 gold pieces at shops.

Inventory:

Hand Weapons
 b - a +0 shortbow
 W - the +8 great sword "Zuenwuwk" (weapon) {antimagic, rN+}
   (You found it on level 8 of the Dungeon)

   It reduces the magical energy of the wielder, and disrupts the spells and
   magical abilities of those it strikes.
   Natural abilities and divine invocations are not affected.
   rN:        It protects you from negative energy.
Missiles
 f - 159 bolts
 g - 5 boomerangs
 s - 37 poisoned darts (quivered)
 w - 6 javelins
 J - 5 atropa-tipped darts
 O - 244 arrows
 Z - a throwing net
Armour
 a - the +2 cloak "Onasugee" (worn) {rC+ Dex+2}
   (You bought it in a shop on level 2 of the Dungeon)

   Dex:       It affects your dexterity (+2).
   rC:        It protects you from cold.
 c - the +3 buckler of Wisdom {Regen+ Str+4 Stlth+}
   (You found it on level 8 of the Dungeon)

   Str:       It affects your strength (+4).
   Regen:     It increases your rate of health regeneration.
   Stlth:     It makes you more stealthy.
 e - a +0 chain mail
 n - a +0 pair of gloves
 o - a +0 cloak
 C - a +0 plate armour
 M - a +0 crystal plate armour (worn)
 N - a +0 scale mail
 U - the +0 pair of gloves of Inevitability (worn) {Rampage Str+8 Dex-4}
   (You bought it in a shop on level 11 of the Dungeon)

   Str:       It affects your strength (+8).
   Dex:       It affects your dexterity (-4).
   Rampage:   It bestows one free step when moving towards enemies.
 Y - a +0 tower shield
Jewellery
 m - a ring of positive energy (left hand)
 D - a ring of willpower
 F - a ring of fire
Wands
 u - a wand of paralysis (8)
 I - a wand of iceblast (6)
 P - a wand of flame (17)
 S - a wand of mindburst (9)
Scrolls
 r - 2 scrolls of teleportation
 v - 2 scrolls of enchant armour
 x - a scroll of torment
 y - 2 scrolls of brand weapon
 z - 2 scrolls of amnesia {unknown}
 B - a scroll of vulnerability {unknown}
 E - 2 scrolls of acquirement {unknown}
 H - 3 scrolls of noise {unknown}
 L - a scroll of fog {unknown}
 Q - 2 scrolls of enchant weapon {unknown}
 R - a scroll of fear {unknown}
 T - a scroll of identify
 X - 2 scrolls of magic mapping {unknown}
Potions
 d - 4 potions of might
 h - 3 potions of ambrosia
 i - 2 potions of berserk rage
 j - 2 potions of haste
 k - 2 potions of lignification
 l - 4 potions of heal wounds {unknown}
 p - 3 potions of curing
 q - a potion of flight {unknown}
 t - 3 potions of attraction {unknown}
 G - 2 potions of degeneration {unknown}
 K - a potion of mutation {unknown}
 V - 2 potions of brilliance {unknown}


   Skills:
 - Level 6.2 Fighting
 * Level 8.5 Long Blades
 - Level 2.1 Maces & Flails
 * Level 10.4 Armour
 - Level 4.8 Dodging
 - Level 5.6 Shields
 - Level 5.0 Evocations


You had 10 spell levels left.
You didn't know any spells.
Your spell library contained the following spells:

 Spells                   Type           Power      Damage    Failure   Level
 Sandblast                Erth           0%         2d4       99%         1
 Slow                     Hex            0%         N/A       99%         1
 Passwall                 Tmut/Erth      0%         N/A       100%        2
 Confusing Touch          Hex            0%         N/A       100%        3
 Conjure Flame            Conj/Fire      0%         6-21      100%        3
 Gell's Gravitas          Tloc           0%         N/A       100%        3
 Ignite Poison            Fire/Tmut/Pois 0%         N/A       100%        3
 Lesser Beckoning         Tloc           0%         N/A       100%        3
 Mephitic Cloud           Conj/Pois/Air  0%         N/A       100%        3
 Stone Arrow              Conj/Erth      0%         3d7       100%        3
 Teleport Other           Tloc           0%         N/A       100%        3
 Vampiric Draining        Necr           0%         2d6       100%        3
 Airstrike                Air            0%         N/A       100%        4
 Sticky Flame             Conj/Fire      0%         2d3       100%        4
 Summon Lightning Spire   Summ/Air       0%         N/A       100%        4
 Freezing Cloud           Conj/Ice/Air   0%         6-21      100%        5
 Lightning Bolt           Conj/Air       0%         1d11      100%        5


Dungeon Overview and Level Annotations

Branches:
Dungeon (11/15)            Temple (0/1) D:5            Lair (0/6) D:8
    Orc (1/2) D:10

Shops:
D:2 !!?[   D:3 *   D:5 *   D:11 [


Innate Abilities, Weirdness & Mutations

Your attributes grow dramatically as you level up.
You have an increased reservoir of magic. (+10% MP)
You shall have no god before yourself.


Message History

The electric eel shoots out a bolt of lightning at you!
The bolt of electricity hits you.
You rampage towards the electric eel!
You enter the shallow water.
Moving in this stuff is going to be slow.
The electric eel shoots out a bolt of lightning at you!
The bolt of electricity hits you! The bolt of electricity hits you.
You miss the electric eel.
The electric eel is moderately wounded.
The electric eel shoots out a bolt of lightning at you!
The bolt of electricity hits you! The bolt of electricity hits you.
Your unstable footing causes you to fumble your attack.
The electric eel looks more healthy.
The electric eel shoots out a bolt of lightning at you!
The bolt of electricity hits you!
A water elemental comes into view.
The electric eel shoots out a bolt of lightning at you!
The bolt of electricity hits you! The bolt of electricity hits you.
You closely miss the electric eel.
The electric eel is heavily wounded.
The electric eel shoots out a bolt of lightning at you!
The bolt of electricity hits you!
* * * LOW HITPOINT WARNING * * *
The bolt of electricity hits you but does no damage.
Unknown command.
You hit the electric eel but do no damage.
The electric eel is heavily wounded.
The electric eel shoots out a bolt of lightning at you!
The bolt of electricity hits you!
* * * LOW HITPOINT WARNING * * *
Unknown command.
You feel better.
The electric eel shoots out a bolt of lightning at you!
The bolt of electricity misses you. The bolt of electricity hits you!
* * * LOW HITPOINT WARNING * * *
Blink to where?
Press: ? - help, Dir - move target
As you read the scroll of blinking, it crumbles to dust.
The electric eel shoots out a bolt of lightning at you!
The bolt of electricity hits you.
You die...

##.###.## #.# #..# #.. ..# #.#
##.## #.. ..## #.####..#####
#......... #...........#
#.#...≈≈≈≈
########.###.....+..≈≈≈≈≈
...........#####.#≈≈≈≈≈≈≈
.................≈≈≈≈≈≈≈≈
...........#####@#≈≈≈≈≈≈≈≈≈≈≈≈
...........# #.....≈≈≈≈≈≈≈≈≈≈
+#+######..## #..≈≈≈≈≈≈≈≈≈≈≈≈≈
.#.######...###..##≈≈≈≈≈≈≈≈≈≈≈
.#...........##..# #≈≈≈≈≈≈≈≈≈≈
##...............###≈≈≈≈≈≈≈≈≈≈
.............###.#≈≈≈≈≈S≈≈≈≈≈≈
##...........###......§S≈≈≈≈≈≈
#.#########..##.####..E≈≈≈≈≈≈


You could see 2 electric eels.

Vanquished Creatures
  An orc warlord (Orc:1)
  An orc knight (D:10)
  Joseph (D:9)
  A gargoyle (D:11)
  An unseen horror (D:10)
  Prince Ribbit (D:9)
  A meliai zombie (D:11)
  Sigmund (D:5)
  A wyvern (D:5)
  A shadow (D:10)
  18 yaks
  A steam dragon (D:9)
  A warg (Orc:1)
  3 acid dragons
  2 water moccasins
  A black bear (D:5)
  2 sky beasts
  11 orc warriors
  5 ogres
  A necrophage (D:6)
  2 centaurs
  A kobold brigand (D:10)
  5 phantoms
  3 bullfrogs
  A gnoll sergeant (D:9)
  A scorpion (D:5)
  A wyvern zombie (D:6)
  2 troll zombies (D:10)
  8 killer bees
  4 wights (D:8)
  4 centaur zombies
  2 hounds (D:5)
  A gnoll shaman (D:8)
  6 orc priests
  A centaur skeleton (D:5)
  3 iguanas
  10 orc wizards
  6 ogre zombies (D:10)
  2 hound zombies (D:5)
  A hound skeleton (D:5)
  A howler monkey zombie (D:7)
  7 gnolls
  5 adders
  A river rat (D:8)
  2 shadow imps
  An ufetubus (D:5)
  An adder skeleton (D:4)
  2 worms
  3 dart slugs
  49 orcs
  8 endoplasms
  3 giant cockroaches
  11 goblins
  10 hobgoblins
  3 jackals (D:1)
  7 quokkas
  8 ball pythons
  6 bats
  3 frilled lizards
  A goblin skeleton (D:10)
  A goblin zombie (D:10)
  3 hobgoblin skeletons (D:10)
  2 hobgoblin zombies (D:10)
  13 kobolds
  An orc skeleton (D:10)
  17 orc zombies (D:10)
  8 rats
296 creatures vanquished.

Notes
Turn   | Place    | Note
-------+----------+-------------------------------------------
     0 | D:1      | browni3141 the Demigod Fighter began the quest for the Orb.
     0 | D:1      | Reached XP level 1. HP: 18/18 MP: 3/3
   519 | D:1      | Reached XP level 2. HP: 25/25 MP: 4/4
   660 | D:1      | Reached skill level 3 in Armour
  1077 | D:1      | Reached skill level 1 in Dodging
  1350 | D:2      | Found Mykkacs's Armour Shoppe.
  1369 | D:2      | Reached XP level 3. HP: 31/31 MP: 5/5
  1553 | D:2      | Found Weoti's Magic Scroll Boutique.
  1881 | D:2      | Found Zaolun's Distillery.
  1993 | D:2      | Bought a potion of curing for 39 gold pieces
  2054 | D:2      | Found Edeny's Distillery.
  2345 | D:3      | Reached XP level 4. HP: 35/38 MP: 6/6
  2521 | D:3      | Found Mahesidi's General Store.
  2534 | D:3      | Bought a scroll of identify for 24 gold pieces
  2534 | D:3      | Bought a potion of might for 48 gold pieces
  3215 | D:4      | Noticed an ogre
  3221 | D:4      | Killed an ogre
  3222 | D:4      | Reached XP level 5. HP: 46/46 MP: 7/7
  3548 | D:4      | Noticed an ogre
  3558 | D:4      | Killed an ogre
  3559 | D:4      | Reached skill level 4 in Armour
  3559 | D:4      | Reached XP level 6. HP: 48/52 MP: 8/8
  3826 | D:4      | Identified the +0 ring mail of Mabol {rF- Str+6 Dex+3}
  4113 | D:5      | Entered Level 5 of the Dungeon
  4333 | D:5      | Noticed Sigmund
  4350 | D:5      | Killed Sigmund
  4351 | D:5      | Reached XP level 7. HP: 52/60 MP: 9/9
  4987 | D:5      | Found a staircase to the Ecumenical Temple.
  5062 | D:5      | Found Seeluym's Assorted Antiques.
  5403 | D:5      | Reached skill level 5 in Armour
  5500 | D:5      | Noticed a wyvern
  5508 | D:5      | Killed a wyvern
  5509 | D:5      | Reached skill level 5 in Fighting
  5509 | D:5      | Reached skill level 5 in Shields
  5509 | D:5      | Reached skill level 1 in Evocations
  5873 | D:5      | Reached XP level 8. HP: 67/68 MP: 10/10
  7599 | D:6      | Reached skill level 1 in Maces & Flails
  7859 | D:7      | Reached skill level 6 in Armour
  7940 | D:7      | Reached XP level 9. HP: 64/75 MP: 11/11
  8825 | D:8      | Identified the +8 great sword "Zuenwuwk" {antimagic, rN+}
  9315 | D:8      | Noticed a death yak
  9315 | D:8      | Noticed a death yak
  9402 | D:8      | Identified the +3 buckler of Wisdom {Regen+ Str+4 Stlth+}
  9458 | D:8      | Found a staircase to the Lair.
  9754 | D:9      | Noticed Joseph
  9759 | D:10     | Entered Level 10 of the Dungeon
  9766 | D:10     | Found a staircase to the Orcish Mines.
  9787 | D:10     | Reached skill level 7 in Armour
  9801 | D:10     | Reached skill level 5 in Evocations
 10275 | D:10     | Reached XP level 10. HP: 28/83 MP: 4/13
 10282 | D:10     | Reached skill level 5 in Long Blades
 10891 | D:10     | Reached skill level 8 in Armour
 11579 | Orc:1    | Entered Level 1 of the Orcish Mines
 11795 | Orc:1    | Noticed an orc warlord
 11818 | Orc:1    | Killed an orc warlord
 11819 | Orc:1    | Reached skill level 9 in Armour
 12160 | Orc:1    | Noticed an orc knight
 13112 | D:9      | Noticed Prince Ribbit
 13125 | D:9      | Killed Prince Ribbit
 13319 | D:9      | Reached XP level 11. HP: 78/89 MP: 4/14
 13556 | D:9      | Killed Joseph
 13557 | D:9      | Reached skill level 10 in Armour
 13874 | D:10     | Killed an orc knight
 14213 | D:2      | Bought the +2 cloak "Onasugee" {rC+ Dex+2} for 425 gold
                  | pieces
 14390 | Orc:1    | Noticed an orc knight
 14688 | Orc:1    | Noticed an orc high priest
 15439 | D:11     | Found Kasaof's Antique Armour Shop.
 15447 | D:11     | Bought a pair of steaming gloves for 209 gold pieces
 15447 | D:11     | Identified the +0 pair of gloves of Inevitability {Rampage
                  | Str+8 Dex-4} (You bought it in a shop on level 11 of the
                  | Dungeon)
 15924 | D:11     | HP: 3/89 [electric eel/bolt of electricity (16)]
 15925 | D:11     | Killed from afar by an electric eel

Illustrated notes

Levels and vault maps discovered:
D:1:      dpeg_arrival_stone_temple_mockup, layout_basic, serial_forest,
          infiniplex_forest_lined_3, infiniplex_forest_lined_room_,
          infiniplex_forest_clump_small, infiniplex_forest_straight_2,
          infiniplex_forest_3_way, infiniplex_forest_pool,
          chequers_ecumenical_altar_simple_redux
D:2:      layout_basic, basic_altar, serial_shops, nicolae_shop_waterfront,
          nicolae_shop_crystal, shop, shop
D:3:      layout_loops_ring, grunt_gozag_statues, serial_shops, shop
D:4:      layout_rooms, serial_corexii_hall, corexii_hall_statues_deadend,
          corexii_hall_statues_l, saegor_snake_ambush
D:5:      layout_loops_ring, minmay_temple_entry_offerings, serial_shops,
          nicolae_diamond_shop, uniq_sigmund
D:6:      layout_loops_ring, minmay_misc_feat_encased
D:7:      layout_loops_cross
D:8:      layout_basic, dpeg_lair_monsters, uniq_harold
D:9:      layout_irregular_city, uniq_prince_ribbit1, uniq_joseph
D:10:     layout_roguey, zombieorc2_lemuel, minmay_misc_feat_five,
          abandoned_shop, minmay_misc_feat_ornament
D:11:     layout_basic, serial_shops, nicolae_shop_trees, david_greed
Orc:1:    layout_caves, special_room [special_room_orc]

Skill      XL: |  1  2  3  4  5  6  7  8  9 10 11 |
---------------+----------------------------------+-----
Shields        | 3 4 5 |  5.6
Armour         | 3 4 5 6 7 9 10 | 10.4
Fighting       | 3 4 5 6 |  6.2
Dodging        | 1 2 3 4 |  4.8
Evocations     | 1 3 5 |  5.0
Maces & Flails | 1 2 |  2.1
Long Blades    | 4 7 8 |  8.5

Action                   |  1- 3 |  4- 6 |  7- 9 | 10-12 || total
-------------------------+-------+-------+-------+-------++-------
Melee: Long sword        |   165 |       |       |       ||   165
       Flail             |     8 |   130 |   248 |       ||   386
       Great sword       |       |       |   170 |   234 ||   404
Throw: Dart              |       |     8 |     2 |     7 ||    17
Evoke: Wand              |       |       |       |     9 ||     9
  Use: Scroll            |     1 |     6 |       |     5 ||    12
       Potion            |       |     1 |     1 |     2 ||     4
 Stab: Paralysed         |       |       |       |     4 ||     4
Armor: Chain mail        |   162 |    71 |   103 |       ||   336
       Scale mail        |     4 |       |       |       ||     4
       Crystal plate arm |       |       |   214 |   290 ||   504
       Skin              |       |       |    34 |       ||    34
Dodge: Dodged            |    75 |    59 |   198 |   110 ||   442
Block: Buckler           |    40 |    28 |    74 |       ||   142

Table legend: (Time is in decaauts)
 A = Elapsed time spent in this place.
 B = Non-inter-level travel time spent in this place.
 C = Inter-level travel time spent in this place.
 D = Time resting spent in this place.
 E = Time spent auto-exploring this place.
 F = Levels seen in this place.
 G = Mean time per level.
                   A        B        C        D        E       F      G
               +--------+--------+--------+--------+--------+-----+--------+
         Total |  16376 |  15687 |    689 |   3147 |   9518 |  12 | 1364.7 |
       Dungeon |  15874 |  15185 |    689 |   3141 |   9209 |  11 | 1443.1 |
  Orcish Mines |    501 |    501 |      0 |      6 |    309 |   1 |  501.0 |
               +--------+--------+--------+--------+--------+-----+--------+

Top non-repeatable levels by time:
    D:10: 3318 daAuts
     D:9: 1851 daAuts
     D:6: 1810 daAuts
     D:5: 1704 daAuts
     D:1: 1364 daAuts
     D:8: 1358 daAuts
     D:4: 1299 daAuts
     D:3: 949 daAuts
     D:7: 935 daAuts
     D:2: 889 daAuts
   Orc:1: 501 daAuts
    D:11: 392 daAuts
